 Dungeon Crawl Stone Soup version 0.18.1-48-g4cf74bf (webtiles) character file.

4832 theElss the Thaumaturge (level 10, -13/69 HPs)
             Began as a High Elf Conjurer on July 4, 2016.
             Was an Initiate of Vehumet.
             Mangled by TBriggs11TB's ghost (39 damage)
             ... on level 10 of the Dungeon.
             The game lasted 01:06:18 (13579 turns).

theElss the Thaumaturge (High Elf Conjurer)        Turns: 13579, Time: 01:06:19

Health: -13/69     AC:  7    Str:  9    XL:     10   Next: 25%
Magic:  9/27       EV: 15    Int: 19    God:    Vehumet [......]
Gold:   182        SH:  0    Dex: 18    Spells: 5 memorised, 18 levels left

rFire  . . .     SeeInvis .     T - +1 morningstar (protect)
rCold  + . .     Gourm    .     a - +0 robe
rNeg   . . .     Faith    .     (no shield)
rPois  .         Spirit   .     (no helmet)
rElec  .         Dismiss  .     (no cloak)
rCorr  .         Reflect  .     (no gloves)
SustAt .         Harm     .     (no boots)
MR     +....                    (no amulet)
Stlth  ++........               (no ring)
                                i - ring of protection from cold

@: somewhat resistant to hostile enchantments, unstealthy
A: no striking features
a: Renounce Religion


You were on level 10 of the Dungeon.
You worshipped Vehumet.
Vehumet was noncommittal.
You were hungry.

You visited 2 branches of the dungeon, and saw 11 of its levels.
You also visited: Sewer.

You collected 403 gold pieces.
You spent 221 gold pieces at shops.

Inventory:

Hand Weapons
 I - a +2 hand axe of electrocution
 T - a +1 morningstar of protection (weapon)
Armour
 a - a +0 robe (worn)
 j - a +0 leather armour
Jewellery
 i - a ring of protection from cold (left hand)
 D - a cursed ring of loudness {unknown}
 E - an uncursed ring of wizardry {unknown}
 L - an uncursed ring of stealth {unknown}
 M - an uncursed ring of see invisible {unknown}
 Y - an uncursed ring of poison resistance {unknown}
Wands
 K - a wand of random effects (11/48)
 Q - a wand of acid (10/15)
 R - a wand of polymorph (13/24)
 S - a wand of iceblast (7/15)
 V - a wand of flame (35/48)
 W - a wand of slowing (20/48)
Scrolls
 d - 4 scrolls of enchant weapon {unknown}
 e - a scroll of fear {unknown}
 g - 5 scrolls of magic mapping {unknown}
 l - 8 scrolls of teleportation
 n - a scroll of enchant armour {unknown}
 q - 8 scrolls of identify
 v - a scroll of fog {unknown}
 x - 3 scrolls of remove curse
 H - a scroll of blinking {unknown}
 J - a scroll of recharging {unknown}
 N - a scroll of amnesia {unknown}
 P - a scroll of immolation {unknown}
 Z - a scroll of vulnerability {unknown}
Potions
 f - 6 potions of agility
 h - 12 potions of curing
 o - a potion of beneficial mutation {unknown}
 p - 3 potions of magic
 r - a potion of experience {unknown}
 s - a potion of cure mutation {unknown}
 t - 2 potions of brilliance {unknown}
 u - 3 potions of heal wounds {unknown}
 w - a potion of mutation {unknown}
 A - 2 potions of flight
 F - a potion of haste {unknown}
 G - a potion of ambrosia {unknown}
Books
 b - a book of Conjurations

   Spells                             Type                      Level
   a - Magic Dart                     Conjuration                  1
   b - Searing Ray                    Conjuration                  2
   c - Dazzling Spray                 Conjuration/Hexes            3
   d - Fulminant Prism                Conjuration/Hexes            4
   e - Iskenderun's Mystic Blast      Conjuration                  4
   f - Iskenderun's Battlesphere      Conjuration/Charms           5
 k - a book of the Earth

   Spells                             Type                      Level
   a - Leda's Liquefaction            Hexes/Earth                  4
   b - Bolt of Magma                  Conjuration/Fire/Earth       5
   c - Statue Form                    Transmutation/Earth          6
   d - Iron Shot                      Conjuration/Earth            6
   e - Shatter                        Earth                        9
 y - a book of Transfigurations

   Spells                             Type                      Level
   a - Irradiate                      Conjuration/Transmutation    5
   b - Statue Form                    Transmutation/Earth          6
   c - Hydra Form                     Transmutation                6
   d - Dragon Form                    Transmutation                7
 O - a book of Geomancy

   Spells                             Type                      Level
   a - Sandblast                      Earth                        1
   b - Passwall                       Transmutation/Earth          2
   c - Stone Arrow                    Conjuration/Earth            3
   d - Petrify                        Transmutation/Earth          4
   e - Lee's Rapid Deconstruction     Earth                        5
 X - a book of Misfortune

   Spells                             Type                      Level
   a - Confusing Touch                Hexes                        2
   b - Confuse                        Hexes                        3
   c - Gell's Gravitas                Hexes/Translocation          3
   d - Petrify                        Transmutation/Earth          4
   e - Metabolic Englaciation         Hexes/Ice                    5
   f - Yara's Violent Unravelling     Hexes/Transmutation          5
Comestibles
 c - 11 bread rations
 m - a beef jerky
 z - 3 royal jellies
 B - 2 fruits
 C - 2 meat rations


   Skills:
 * Level 6.4 Fighting
 + Level 4.7 Dodging
 - Level 2.1 Stealth
 + Level 12.4 Spellcasting
 + Level 8.1 Conjurations


You had 18 spell levels left.
You knew the following spells:

 Your Spells              Type           Power        Failure   Level  Hunger
a - Magic Dart            Conj           ####         1%          1    None
b - Iskenderun's Battles  Conj/Chrm      ####....     34%         5    ####...
c - Searing Ray           Conj           #####.       1%          2    None
d - Iskenderun's Mystic   Conj           #####...     1%          4    #......
e - Stone Arrow           Conj/Erth      ####..       3%          3    None


Dungeon Overview and Level Annotations

Branches:
Dungeon (10/15)            Temple (1/1) D:4
   Lair: D:8-11         Orc: D:9-12

Altars:
Ashenzari
Cheibriados
Dithmenos
Elyvilon
Fedhas
Gozag
Kikubaaqudgha
Makhleb
Nemelex Xobeh
Okawaru
Pakellas
Qazlal
Ru
Sif Muna
Trog
Vehumet
Xom
Yredelemnul
Zin
The Shining One

Shops:
D:4 ?[!=[

Annotations:
D:8 Erica
D:10 TBriggs11TB's ghost, journeyman MiFi


Message History

You hear a shout!
Your battlesphere fires!
The barrage of energy hits TBriggs11TB's ghost.
TBriggs11TB's ghost is moderately damaged.
TBriggs11TB's ghost hits you!!
Casting: Iskenderun's Mystic Blast
Confirm with . or Enter, or press ? or * to list all spells.
Aiming: Iskenderun's Mystic Blast
Press: ? - help, Shift-Dir - straight line, f/p - TBriggs11TB's ghost
Aim: TBriggs11TB's ghost, wielding a weapon of pain (moderately damaged)
The orb of energy hits TBriggs11TB's ghost.
TBriggs11TB's ghost is moderately damaged.
The orb of energy explodes!
Your battlesphere fires!
The barrage of energy hits TBriggs11TB's ghost.
TBriggs11TB's ghost is moderately damaged.
TBriggs11TB's ghost shrieks, "You must not succeed where I failed!"
TBriggs11TB's ghost hits you!!!
Ouch! That really hurt!
You die...

#..........# #.#
##..........# ####.###
.'..........# #......#
.#..........'.#......#
.#..........#(#......#
##..........#........#
#..........###......#
########+### ##.#####
#@## #.W#######
##.......# #######o#
..# ..# W.# ..# ..#


You could see TBriggs11TB's ghost.

Vanquished Creatures
  2 trolls (D:9)
  A merfolk (D:9)
  A human (D:9)
  2 orc warriors
  An ice beast (D:6)
  3 ogres
  2 black bears (D:9)
  4 sky beasts
  A wasp (D:9)
  4 centaurs
  A necrophage (D:10)
  6 big kobolds (Sewer)
  5 giant frogs
  A wyvern skeleton (D:6)
  2 scorpions
  A howler monkey (D:8)
  A crimson imp (D:6)
  A centaur zombie (D:7)
  2 jellies
  7 hounds
  2 giant frog skeletons
  3 orc priests
  2 centaur skeletons
  Ijyb (D:3)
  2 iguanas
  12 orc wizards
  9 worker ants
  A hound skeleton (D:4)
  A howler monkey skeleton (D:6)
  8 adders
  8 gnolls
  2 river rats (Sewer)
  3 shadow imps
  5 oozes
  2 adder zombies
  5 worms
  2 dart slugs
  8 giant geckos
  26 orcs
  A ball python (Sewer)
  6 bats
  11 giant cockroaches
  7 goblins
  14 hobgoblins
  6 jackals
  6 quokkas
  6 giant newts
  15 kobolds
  16 rats
238 creatures vanquished.

Vanquished Creatures (others)
  A plant (D:10)
1 creature vanquished.

Grand Total: 239 creatures vanquished

Notes
Turn   | Place    | Note
--------------------------------------------------------------
     0 | D:1      | theElss the High Elf Conjurer began the quest for the Orb.
     0 | D:1      | Reached XP level 1. HP: 11/11 MP: 4/4
   252 | D:1      | Reached skill level 1 in Fighting
   275 | D:1      | Reached XP level 2. HP: 18/18 MP: 3/6
   649 | D:1      | Reached skill level 3 in Spellcasting
   813 | D:1      | Learned a level 2 spell: Searing Ray
  1051 | D:1      | Reached XP level 3. HP: 23/23 MP: 3/8
  1567 | D:2      | Found a sparkling altar of Nemelex Xobeh.
  1710 | D:2      | Found a sacrificial altar of Ru.
  1766 | D:2      | Reached skill level 4 in Spellcasting
  1772 | D:2      | Reached XP level 4. HP: 29/29 MP: 4/11
  2013 | D:2      | Found a blossoming altar of Fedhas.
  2286 | D:3      | Learned a level 4 spell: Iskenderun's Mystic Blast
  2587 | D:3      | Noticed Ijyb
  2608 | D:3      | Killed Ijyb
  2608 | D:3      | Reached skill level 5 in Spellcasting
  2608 | D:3      | Reached XP level 5. HP: 31/35 MP: 5/13
  3280 | D:4      | Found Ywnock's Magic Scroll Shop.
  3283 | D:4      | Bought a scroll of teleportation for 30 gold pieces
  3283 | D:4      | Bought a scroll of remove curse for 30 gold pieces
  3283 | D:4      | Bought a scroll of identify for 20 gold pieces
  3283 | D:4      | Bought a scroll of random uselessness for 10 gold pieces
  3283 | D:4      | Bought a scroll of noise for 10 gold pieces
  3296 | D:4      | Found Gaiphar's Antique Armour Boutique.
  3372 | D:4      | Found Nuryqec's Jewellery Shop.
  3422 | D:4      | Found Nunk's Distillery.
  3432 | D:4      | Reached skill level 6 in Spellcasting
  3725 | D:3      | Reached XP level 6. HP: 23/41 MP: 9/16
  4028 | D:4      | Bought a potion of lignification for 33 gold pieces
  4028 | D:4      | Bought a potion of flight for 33 gold pieces
  4028 | D:4      | Bought a potion of degeneration for 11 gold pieces
  4093 | D:4      | Found Xykhueleda's Armour Shoppe.
  4212 | D:4      | Learned a level 5 spell: Iskenderun's Battlesphere
  4825 | D:4      | Found a staircase to the Ecumenical Temple.
  4895 | D:4      | Found a burning altar of Makhleb.
  4903 | D:4      | Reached skill level 7 in Spellcasting
  5257 | D:4      | Bought a potion of agility for 44 gold pieces
  5275 | D:5      | Entered Level 5 of the Dungeon
  5324 | D:5      | Reached XP level 7. HP: 41/46 MP: 11/19
  5692 | D:5      | Found a glowing drain.
  5699 | Sewer    | Entered a sewer
  5743 | Sewer    | Reached skill level 8 in Spellcasting
  6049 | Sewer    | Reached skill level 9 in Spellcasting
  6283 | Sewer    | Reached XP level 8. HP: 35/53 MP: 8/22
  6408 | D:5      | Found an iron altar of Okawaru.
  6576 | D:5      | Reached skill level 5 in Conjurations
  6642 | D:5      | Reached skill level 10 in Spellcasting
  7474 | D:6      | Found a glowing golden altar of the Shining One.
  7801 | D:6      | Found a deep blue altar of Sif Muna.
  8019 | D:6      | Reached skill level 11 in Spellcasting
  8400 | D:6      | Reached XP level 9. HP: 59/59 MP: 22/25
  8440 | D:6      | Found an ancient bone altar of Kikubaaqudgha.
  8440 | D:6      | Found a shattered altar of Ashenzari.
  8574 | D:6      | Found a shimmering altar of Xom.
  8969 | D:6      | Found a stormy altar of Qazlal.
  8971 | D:6      | Found a glowing silver altar of Zin.
  8972 | D:6      | Found a snail-covered altar of Cheibriados.
  8973 | D:6      | Found a basalt altar of Yredelemnul.
  9098 | Temple   | Entered the Ecumenical Temple
  9245 | D:7      | Found a deep blue altar of Sif Muna.
  9785 | D:7      | Reached skill level 5 in Fighting
 10080 | D:7      | Found a radiant altar of Vehumet.
 10088 | D:7      | Became a worshipper of Vehumet
 10245 | D:8      | Learned a level 3 spell: Stone Arrow
 10349 | D:8      | Noticed Erica
 10387 | D:7      | HP: 3/61 [poisoned by Erica (bolt of poison)]
 10395 | D:7      | HP: 3/61 [poisoned by Erica (bolt of poison)]
 11061 | D:9      | Found an oddly glowing altar of Pakellas.
 11288 | D:9      | Paralysed by a wasp for 2 turns
 11671 | D:9      | Reached skill level 12 in Spellcasting
 11817 | D:9      | Noticed a troll
 11821 | D:9      | Killed a troll
 11985 | D:9      | Noticed a troll
 12020 | D:8      | Reached XP level 10. HP: 28/68 MP: 3/27
 12798 | D:10     | Entered Level 10 of the Dungeon
 13076 | D:9      | Reached * piety under Vehumet
 13076 | D:9      | Offered knowledge of Sting by Vehumet.
 13568 | D:10     | Noticed TBriggs11TB's ghost (journeyman MiFi)
 13579 | D:10     | Mangled by TBriggs11TB's ghost

Skill      XL: |  1  2  3  4  5  6  7  8  9 10 |
---------------+-------------------------------+-----
Fighting       | 1 2 3 4 6 |  6.4
Spellcasting   | 3 4 5 6 7 9 11 12 | 12.4
Conjurations   | 5 7 8 |  8.1
Dodging        | 4 |  4.7
Stealth        | |  2.1

Action                   |  1- 3 |  4- 6 |  7- 9 | 10-12 || total
-------------------------+-------+-------+-------+-------++-------
Melee: Unarmed           |     4 |       |       |       ||     4
       Dagger            |       |     1 |       |       ||     1
       Hand axe          |       |       |     1 |       ||     1
       Morningstar       |       |       |     7 |     3 ||    10
 Cast: Magic Dart        |    82 |   111 |   302 |    32 ||   527
       Searing Ray       |     4 |    21 |    55 |     6 ||    86
       Iskenderun's Myst |       |       |    14 |    15 ||    29
       Iskenderun's Batt |       |       |       |     1 ||     1
  Use: Scroll            |       |     1 |     1 |       ||     2
       Potion            |       |       |     1 |       ||     1
  Eat: Chunk             |     2 |    11 |    19 |     4 ||    36
       Fruit             |       |       |     1 |       ||     1
       Pizza             |       |       |     1 |       ||     1
Armor: Robe              |     2 |       |    22 |    13 ||    37
       Leather armour    |     1 |     5 |    15 |       ||    21
Dodge: Dodged            |     8 |    34 |   105 |    39 ||   186
